AoeStats
← Soxickano

Fortress

509618585Analyzed
2v2 RM · 3d ago on Sep 27, 2026· 49m 39s· 4 players
Game mode
Random Map
Map size
Normal (6 player)
Population
200
Speed
Normal
Resources
Standard
Victory
Conquest
Starting age
Dark Age
Ending age
Imperial Age
RankedLock teamsTeams togetherTeam positionsShared explorationLock speedFull tech treeHidden civsTurbo modeCheats
Victory
Defeat
🇫🇷 Saracens · France
893
+18
🇫🇷 Britons · France
879
+19
🇫🇷 Franks · France
984
-21
🇧🇪 Varangians · Belgium
887
-16
EnKAa26
4:09 Loom
7:51 Feudal Age
8:30 Double-Bit Axe
11:27 Wheelbarrow
11:54 Horse Collar
14:30 Castle Age
15:18 Forging
15:37 Bloodlines
15:48 Husbandry
18:01 Gold Mining
20:04 Scale Barding Armor
22:35 Arson
24:00 Squires
24:33 Town Watch
26:09 Heavy Plow
26:24 Scale Mail Armor
27:17 Gambesons
28:50 Stone Mining
33:16 Imperial Age
31:35 Elite Skirmisher
33:00 Fortified Wall
33:20 Ballistics
32:53 Fletching
33:04 Padded Archer Armor
34:34 Conscription
37:24 Chemistry
36:57 Cavalier
39:58 Leather Archer Armor
39:39 Bodkin Arrow
40:21 Iron Casting
42:09 Chain Barding Armor
42:20 Ring Archer Armor
42:15 Masonry
42:29 Vendel Legacy
48:21 Bracer
Soldat_Ultime0
8:06 Loom
10:39 Feudal Age
15:53 Castle Age
14:54 Double-Bit Axe
17:50 Town Watch
18:45 Wheelbarrow
19:56 Scale Barding Armor
23:00 Bow Saw
23:19 Chain Barding Armor
29:43 Imperial Age
27:49 Husbandry
28:43 Fortified Wall
28:54 Ballistics
28:57 Pikeman
29:33 Gold Mining
31:20 Fletching
31:30 Padded Archer Armor
31:15 Treadmill Crane
32:33 Cranequins
33:10 Cavalier
33:31 Elite Skirmisher
34:37 Bodkin Arrow
35:35 Gold Shaft Mining
36:24 Heavy Mounted Crossbowman
38:36 Chemistry
38:46 Leather Archer Armor
40:25 Chivalry
40:01 Elite Throwing Axeman
41:09 Town Patrol
41:25 Hand Cart
41:15 Arson
41:31 Squires
41:17 Gambesons
42:23 Scale Mail Armor
42:34 Forging
43:00 Halberdier
44:28 Chain Mail Armor
44:49 Iron Casting
44:11 Stone Mining
45:48 Paladin
49:17 Plate Mail Armor
49:09 Caravan
Kaizo
7:29 Feudal Age
12:22 Castle Age
10:58 Double-Bit Axe
10:55 Horse Collar
14:16 Fletching
14:36 Loom
15:28 Wheelbarrow
16:40 Bow Saw
18:11 Bodkin Arrow
20:08 Fervor
20:38 Heavy Plow
20:32 Gold Mining
21:45 Town Watch
22:17 Hand Cart
22:27 Ballistics
22:05 Murder Holes
23:06 Town Patrol
23:20 Stone Mining
25:28 Padded Archer Armor
27:53 Gold Shaft Mining
26:41 Pikeman
29:09 Squires
29:23 Forging
30:15 Caravan
34:23 Imperial Age
33:27 Yeomen
35:02 Iron Casting
34:43 Leather Archer Armor
34:28 Scale Mail Armor
35:10 Elite Longbowman
36:59 Chemistry
35:23 Halberdier
37:00 Bracer
38:01 Blast Furnace
37:32 Ring Archer Armor
42:06 Warwolf
43:21 Two-Man Saw
42:14 Gambesons
42:16 Arson
Soxickano
9:33 Feudal Age
12:47 Double-Bit Axe
15:11 Castle Age
14:07 Gold Mining
15:15 Horse Collar
15:56 Stone Mining
17:51 Forging
17:31 Fletching
21:55 Gold Shaft Mining
24:04 Heavy Plow
26:18 Wheelbarrow
26:24 Wheelbarrow
26:17 Loom
26:23 Town Watch
27:20 Bow Saw
29:04 Ballistics
28:40 Murder Holes
28:59 Bloodlines
28:49 Husbandry
29:00 Husbandry
31:22 Hand Cart
32:07 Iron Casting
31:37 Scale Barding Armor
32:38 Town Patrol
38:53 Imperial Age
37:52 Caravan
38:24 Chain Barding Armor
40:23 Elite Mameluke
41:24 Conscription
42:38 Two-Man Saw
42:18 Hoardings
42:00 Counterweights
42:15 Conscription
43:31 Blast Furnace
42:27 Bodkin Arrow
43:07 Plate Barding Armor
43:47 Heavy Camel Rider
Connection lost

Rejoining the realm…

Still unreachable

The connection could not be restored.

Session expired

The server has moved on; the page needs a fresh start.